 Dungeon Crawl Stone Soup version 0.29-a0-344-ge2f44be95a (webtiles) character file.

Game seed: 7074915566880988070

32008 siradein the Protected (level 13, -3/121 HPs)
             Began as a Deep Dwarf Fighter on Apr 22, 2022.
             Was an Elder of Makhleb.
             Slain by a black mamba (8 damage)
             ... on level 2 of the Lair of Beasts.
             The game lasted 00:55:04 (12258 turns).

siradein the Protected (Deep Dwarf Fighter)        Turns: 12258, Time: 00:55:04

Health: -3/121     AC: 29    Str: 25    XL:     13   Next: 29%
Magic:  13/13      EV:  8    Int:  9    God:    Makhleb [****..]
Gold:   811        SH:  8    Dex: 22    Spells: 12/12 levels left

rFire   + . .      SeeInvis +   F - +8 whip "Bung" {protect, rN+ Dex+4 SInv}
rCold   . . .      Faith    +   c - +0 buckler
rNeg    + . .      Spirit   .   D - +1 chain mail {rPois}
rPois   +          Reflect  .   (no helmet)
rElec   .          Harm     .   M - +2 cloak
rCorr   .          Rampage  .   p - +0 pair of gloves
Will    +....      Clarity  +   K - +1 pair of boots
Stlth   ..........              h - amulet of faith
HPRegen 0.00/turn               I - ring of protection from fire
MPRegen 0.13/turn               L - +6 ring of dexterity

@: under a protective aura
A: damage resistance, heal wounds, sense surroundings 2, no regeneration,
iridescent scales 1, clarity, subdued magic 1
a: Heal Wounds, Renounce Religion, Minor Destruction, Lesser Servant of Makhleb,
Major Destruction


You were on level 2 of the Lair of Beasts.
You worshipped Makhleb.
Makhleb was greatly pleased with you.
You visited 3 branches of the dungeon, and saw 14 of its levels.
You also visited: Sewer, Ossuary and Bailey.

You collected 811 gold pieces.

Inventory:

Hand Weapons
 F - the +8 whip "Bung" (weapon) {protect, rN+ Dex+4 SInv}
   (You found it on level 5 of the Dungeon)

   It grants its wielder temporary protection when it strikes (+7 to AC).
   Dex:       It affects your dexterity (+4).
   rN:        It protects you from negative energy.
   SInv:      It lets you see invisible.
 Q - a +4 broad axe
Missiles
 H - 3 throwing nets
Armour
 c - a +0 buckler (worn)
 p - a +0 pair of gloves (worn)
 D - a +1 chain mail of poison resistance (worn)
 K - a +1 pair of boots (worn)
 M - a +2 cloak (worn)
Jewellery
 g - an amulet of the acrobat
 h - an amulet of faith (around neck)
 q - a ring of ice
 I - a ring of protection from fire (left hand)
 J - a ring of willpower
 L - a +6 ring of dexterity (right hand)
Wands
 a - a wand of paralysis (10)
 s - a wand of charming (8)
 t - a wand of iceblast (9)
 B - a wand of mindburst (6)
Scrolls
 e - 2 scrolls of magic mapping
 f - 4 scrolls of fog
 j - 11 scrolls of teleportation
 l - a scroll of silence {unknown}
 u - 5 scrolls of fear
 y - a scroll of noise {unknown}
 A - a scroll of immolation {unknown}
 E - 2 scrolls of summoning
Potions
 d - 8 potions of might
 i - 7 potions of mutation
 k - 3 potions of flight {unknown}
 m - 5 potions of magic
 n - 4 potions of brilliance
 o - 3 potions of ambrosia {unknown}
 r - 5 potions of curing
 v - 3 potions of resistance {unknown}
 w - 4 potions of degeneration {unknown}
 x - 6 potions of haste {unknown}
 z - 2 potions of lignification {unknown}
 C - 4 potions of heal wounds {unknown}
Miscellaneous
 G - a lightning rod (1/4) (quivered)
 P - a phantom mirror


   Skills:
 + Level 9.5 Fighting
 + Level 11.0 Axes
 + Level 11.3 Armour
 + Level 11.3 Shields
 + Level 10.1 Invocations
 + Level 10.0 Evocations


You had 12 spell levels left.
You didn't know any spells.
Your spell library contained the following spells:

 Spells                   Type           Power      Damage    Failure   Level
 Animate Skeleton         Necr           0%         N/A       91%         1
 Apportation              Tloc           0%         N/A       91%         1
 Pain                     Necr           0%         1d4       91%         1
 Shock                    Conj/Air       0%         1d3       91%         1
 Slow                     Hex            0%         N/A       91%         1
 Summon Small Mammal      Summ           0%         N/A       91%         1
 Confusing Touch          Hex            0%         N/A       100%        3
 Gell's Gravitas          Tloc           0%         N/A       100%        3
 Lesser Beckoning         Tloc           0%         N/A       100%        3
 Swiftness                Air            0%         N/A       100%        3
 Teleport Other           Tloc           0%         N/A       100%        3
 Vampiric Draining        Necr           0%         2d6       100%        3
 Airstrike                Air            0%         N/A       100%        4
 Animate Dead             Necr           0%         N/A       100%        4
 Agony                    Necr           0%         N/A       100%        5
 Blade Hands              Tmut           0%         N/A       100%        5
 Borgnjor's Vile Clutch   Necr/Erth      0%         N/A       100%        5
 Excruciating Wounds      Necr           0%         N/A       100%        5
 Irradiate                Conj/Tmut      0%         3d13      100%        5
 Yara's Violent Unravell  Hex/Tmut       0%         3d3       100%        5
 Death Channel            Necr           0%         N/A       100%        6
 Dragon Form              Tmut           0%         N/A       100%        7
 Enfeeble                 Hex            0%         N/A       100%        7


Dungeon Overview and Level Annotations

Branches:
Dungeon (11/15)            Temple (1/1) D:6            Lair (2/6) D:11
    Orc (0/2) D:11          Sewer (visited)         Ossuary (visited)
 Bailey (visited)
  Swamp: Lair:2-4    Shoals: Lair:2-4     Snake: Lair:2-4    Spider: Lair:2-4

Altars:
Elyvilon
Gozag
Kikubaaqudgha
Makhleb
Nemelex Xobeh
Ru
Trog
Uskayaw
Wu Jian
Xom
Yredelemnul
Zin

Annotations:
D:3 1 runed translucent door, zishaf's ghost, amateur TeAE
Lair:2 Gastronok


Innate Abilities, Weirdness & Mutations

You are resistant to damage.
You can heal yourself by infusing magical energy.
You passively map the area around you.
You do not regenerate.
You are partially covered in iridescent scales. (AC +2)
You possess an exceptional clarity of mind.
Your spells are a little easier to cast, but a little less powerful.


Message History

There is a stone staircase leading up here.
A black mamba is nearby!
You whack the black mamba!
Your weapon exudes an aura of protection.
The black mamba is moderately wounded.
The black mamba bites you but does no damage.
The black mamba closely misses you.
You hit the black mamba.
The black mamba is heavily wounded.
The black mamba bites you but does no damage.
You closely miss the black mamba.
The black mamba is moderately wounded.
The black mamba bites you!
* * * LOW HITPOINT WARNING * * *
You miss the black mamba.
The black mamba is moderately wounded.
The black mamba bites you!
* * * LOW HITPOINT WARNING * * *
The black mamba bites you but does no damage.
You hit the black mamba.
The black mamba is heavily wounded.
The black mamba bites you but does no damage.
The black mamba bites you!
* * * LOW HITPOINT WARNING * * *
You whack the black mamba!
The black mamba is severely wounded.
The black mamba bites you but does no damage.
You closely miss the black mamba.
The black mamba is severely wounded.
The black mamba bites you but does no damage.
You block the black mamba's attack.
You whack the black mamba!
The black mamba is almost dead.
You block the black mamba's attack.
You hit the black mamba.
The black mamba is almost dead.
The black mamba bites you!
* * * LOW HITPOINT WARNING * * *
The black mamba bites you!
You die...

* #....P# ##
#.....###.. *
#.......... , , ,
#.......... ,
##........, #P......
, #..S.#.# * * *,,
#..@..#* * ,**
#....## ** #....#
###..... ###
#P.....## ### #.###
#......######.###.#.#
##...................
##...................
#....................


You could see a black mamba.

Vanquished Creatures
  A hydra (D:11)
  A centaur warrior (D:11)
  An orc knight (D:11)
  Maurice (D:8)
  4 molten gargoyles (D:9)
  2 cane toads (Lair:1)
  A rime drake (Lair:1)
  2 komodo dragons (Lair:1)
  3 trolls
  A polar bear (Lair:1)
  3 blink frogs (Lair:1)
  Prince Ribbit (D:7)
  4 hornets
  A water elemental (D:11)
  3 shadows
  A wraith (Ossuary)
  A steam dragon (D:10)
  15 yaks
  2 wyverns
  4 water moccasins
  Duvessa (D:7)
  A swamp drake (D:11)
  8 orc warriors
  3 ice beasts
  A sky beast (D:7)
  2 wolves (D:11)
  A boggart (shapeshifter) (D:11)
  2 centaurs (D:8)
  A phantom (D:4)
  5 kobold brigands
  4 bullfrogs
  6 necrophages
  A gnoll sergeant (D:6)
  2 scorpions
  10 wights
  Dowan (D:7)
  2 killer bees
  3 electric eels (D:11)
  5 howler monkeys
  A lava snake (D:9)
  3 orc priests
  A gnoll shaman (D:4)
  9 hounds
  Ijyb (D:3)
  2 iguanas (D:4)
  6 orc wizards
  3 mummies (Ossuary)
  18 gnolls
  8 adders
  A river rat (D:11)
  A shadow imp (D:7)
  2 white imps (D:5)
  3 ufetubi (D:5)
  2 worms
  2 dart slugs
  43 orcs
  6 bats
  6 endoplasms
  2 giant cockroaches
  8 goblins
  11 hobgoblins
  8 jackals
  36 kobolds
  A quokka (D:3)
  2 ball pythons
  6 frilled lizards
  4 goblin zombies (Ossuary)
  5 hobgoblin zombies (Ossuary)
  3 kobold zombies (Ossuary)
  5 rats
  A spectral hobgoblin (D:2)
321 creatures vanquished.

Vanquished Creatures (collateral kills)
  An orc warlord (Bailey)
  A komodo dragon (shapeshifter) (D:9)
2 creatures vanquished.

Vanquished Creatures (others)
  A fungus (Lair:1)
  7 plants
8 creatures vanquished.

Grand Total: 331 creatures vanquished

Notes
Turn   | Place    | Note
-------+----------+-------------------------------------------
     0 | D:1      | siradein the Deep Dwarf Fighter began the quest for the
                  | Orb.
     0 | D:1      | Reached XP level 1. HP: 20/20 MP: 1/1
   687 | D:1      | Reached XP level 2. HP: 17/27 MP: 2/2
  1178 | D:2      | Reached XP level 3. HP: 14/34 MP: 3/3
  1179 | D:2      | Found a faded altar of an unknown god.
  1350 | D:2      | Found a shimmering altar of Xom.
  2113 | D:3      | Reached XP level 4. HP: 12/42 MP: 4/4
  2131 | D:3      | Noticed Ijyb
  2163 | D:3      | Killed Ijyb
  2399 | D:3      | Found a runed translucent door.
  2400 | D:3      | Noticed zishaf's ghost (amateur TeAE)
  2516 | D:4      | Reached XP level 5. HP: 24/49 MP: 4/4
  2613 | D:4      | Noticed a phantom
  2634 | D:4      | Killed a phantom
  2635 | D:4      | Reached XP level 6. HP: 28/57 MP: 5/5
  2762 | D:4      | Reached skill level 5 in Shields
  2776 | D:4      | Reached skill level 5 in Armour
  2807 | D:4      | Found a sand-covered staircase.
  2811 | Ossuary  | Entered an ossuary
  2811 | Ossuary  | Noticed a wraith
  2811 | Ossuary  | Noticed a wraith
  2811 | Ossuary  | Noticed a wraith
  3053 | Ossuary  | Reached XP level 7. HP: 44/64 MP: 4/4
  3070 | Ossuary  | Noticed a wraith
  3082 | Ossuary  | Killed a wraith
  3380 | D:4      | Gained mutation: Your spells are a little easier to cast,
                  | but a little less powerful. [potion of mutation]
  3380 | D:4      | Gained mutation: You are partially covered in iridescent
                  | scales. (AC +2) [potion of mutation]
  3380 | D:4      | Gained mutation: You possess an exceptional clarity of
                  | mind. [potion of mutation]
  3437 | D:4      | Reached skill level 5 in Axes
  3886 | D:5      | Entered Level 5 of the Dungeon
  4080 | D:5      | Reached skill level 5 in Fighting
  4080 | D:5      | Reached XP level 8. HP: 49/74 MP: 4/4
  4736 | D:5      | Identified the +8 whip "Bung" {protect, rN+ Dex+4 SInv}
  5093 | D:6      | Found a glowing drain.
  5103 | Sewer    | Entered a sewer
  5481 | D:6      | Found an ancient bone altar of Kikubaaqudgha.
  5709 | D:6      | Found a staircase to the Ecumenical Temple.
  5719 | Temple   | Entered the Ecumenical Temple
  5725 | Temple   | Became a worshipper of Makhleb the Destroyer
  6554 | D:7      | Noticed Duvessa
  6554 | D:7      | Noticed Dowan
  6564 | D:7      | Killed Duvessa
  6571 | D:7      | Killed Dowan
  6756 | D:7      | Noticed Prince Ribbit
  6766 | D:7      | Killed Prince Ribbit
  6767 | D:7      | Gained mutation: You passively map the area around you.
                  | [Deep Dwarf growth]
  6767 | D:7      | Reached XP level 9. HP: 39/82 MP: 5/5
  7012 | D:7      | Reached skill level 1 in Evocations
  7157 | D:7      | Reached skill level 1 in Invocations
  7370 | D:7      | Reached * piety under Makhleb
  7733 | D:8      | Noticed Maurice
  7887 | D:8      | Killed Maurice
  7888 | D:8      | Reached XP level 10. HP: 43/92 MP: 8/8
  8185 | D:8      | Reached ** piety under Makhleb
  8556 | D:9      | Found a flagged portal.
  8578 | Bailey   | Entered a bailey
  8598 | Bailey   | Noticed an orc warlord
  8744 | Bailey   | Found a runed translucent gate.
  8747 | Bailey   | Found a runed translucent gate.
  8750 | Bailey   | Found a runed translucent gate.
  8781 | Bailey   | Reached skill level 5 in Evocations
  8786 | Bailey   | Reached skill level 5 in Invocations
  9022 | Bailey   | Reached XP level 11. HP: 80/103 MP: 8/11
  9055 | Bailey   | Killed an orc warlord
  9055 | Bailey   | Reached *** piety under Makhleb
  9081 | Bailey   | Reached skill level 10 in Axes
  9081 | Bailey   | Reached skill level 10 in Armour
  9081 | Bailey   | Reached skill level 10 in Shields
  9081 | Bailey   | Reached XP level 12. HP: 87/112 MP: 11/13
  9737 | D:10     | Entered Level 10 of the Dungeon
 10161 | D:10     | Reached **** piety under Makhleb
 10308 | D:10     | You fall into a shaft and drop 1 floor!
 10308 | D:11     | Found a staircase to the Lair.
 10750 | D:11     | Found a staircase to the Orcish Mines.
 10760 | D:11     | Noticed a centaur warrior
 10781 | D:11     | Killed a centaur warrior
 10782 | D:11     | Reached XP level 13. HP: 70/121 MP: 14/14
 11175 | Lair:1   | Entered Level 1 of the Lair of Beasts
 11412 | Lair:1   | Reached skill level 10 in Invocations
 11656 | Lair:1   | Reached skill level 10 in Evocations
 12096 | Lair:2   | Noticed Gastronok
 12258 | Lair:2   | HP: 5/121 [black mamba (5)]
 12258 | Lair:2   | Slain by a black mamba

Illustrated notes

Levels and vault maps discovered:
D:1:      scummos_arrival_simple_fountains, layout_basic
D:2:      layout_loops_cross, basic_altar,
          dreamdust_ecumenical_altar_drowned_temple
D:3:      layout_basic, ebering_ghost_reflecting_pool, uniq_ijyb
D:4:      layout_loops_ring, nicolae_ossuary_entry_plus
D:5:      layout_basic, grunt_decor_junction
D:6:      layout_layer_cave, overflow_temple_1_default,
          minmay_temple_entry_grid, portal_sewer_entry_b
D:7:      layout_gridville, uniq_duvessa, uniq_prince_ribbit1
D:8:      layout_cave_pools, minmay_increasing_density, uniq_maurice
D:9:      layout_rooms, enter_bailey_5, minivault_8
D:10:     layout_basic
D:11:     minmay_the_grid_triangle_9x9_recursive_2_mashed
          [minmay_the_grid_triangle_9x9_prize_top_heavy,
          minmay_the_grid_triangle_9x9_warning,
          minmay_the_grid_triangle_9x9_swiss_cheese,
          minmay_the_grid_triangle_9x9_steps], layout_rooms, erik_lair_island
Temple:   compressed_dpeg_triangle_lava_temple
Lair:1:   layout_regular_city, minivault_25
Lair:2:   layout_long_grid, uniq_gastronok

Skill      XL: |  1  2  3  4  5  6  7  8  9 10 11 12 13 |
---------------+----------------------------------------+-----
Fighting       | 3 4 5 6 8 9 |  9.5
Axes           | 3 4 5 6 7 9 10 11 | 11.0
Armour         | 4 5 6 7 8 9 10 11 | 11.3
Shields        | 4 5 6 7 8 9 10 11 | 11.3
Evocations     | 3 7 8 9 10 | 10.0
Invocations    | 3 7 8 9 10 | 10.1

Action                   |  1- 3 |  4- 6 |  7- 9 | 10-12 | 13-15 || total
-------------------------+-------+-------+-------+-------+-------++-------
Melee: War axe           |   115 |   180 |   120 |       |       ||   415
       Whip              |       |       |   285 |   377 |   125 ||   787
       Broad axe         |       |       |       |       |   100 ||   100
Invok: Lesser Servant of |       |       |       |     1 |       ||     1
 Abil: Heal Wounds       |     1 |     6 |     7 |     2 |     8 ||    24
Evoke: Wand              |       |       |    21 |    29 |    10 ||    60
       Phantom mirror    |       |       |       |     1 |       ||     1
       Lightning rod     |       |       |       |       |     4 ||     4
  Use: Scroll            |     3 |       |     3 |     5 |     8 ||    19
       Potion            |       |     1 |     1 |     2 |       ||     4
 Stab: Paralysed         |       |       |       |     4 |       ||     4
       Distracted        |       |       |       |     1 |       ||     1
Armor: Scale mail        |    59 |    89 |     9 |       |       ||   157
       Chain mail        |       |       |   220 |   182 |   136 ||   538
Dodge: Dodged            |    45 |    89 |   112 |   107 |    65 ||   418
Block: Buckler           |    29 |    40 |    88 |    88 |    62 ||   307

Table legend: (Time is in decaauts)
 A = Elapsed time spent in this place.
 B = Non-inter-level travel time spent in this place.
 C = Inter-level travel time spent in this place.
 D = Time resting spent in this place.
 E = Time spent auto-exploring this place.
 F = Levels seen in this place.
 G = Mean time per level.
                   A        B        C        D        E       F      G
               +--------+--------+--------+--------+--------+-----+--------+
         Total |  12384 |  11718 |    666 |    194 |   7426 |  17 |  728.5 |
       Dungeon |   9915 |   9328 |    587 |     75 |   6152 |  11 |  901.4 |
        Temple |     11 |     11 |      0 |      0 |      0 |   1 |   11.0 |
          Lair |   1087 |   1009 |     78 |      4 |    681 |   2 |  543.5 |
         Sewer |    315 |    315 |      0 |      0 |    156 |   1 |  315.0 |
       Ossuary |    461 |    461 |      0 |      0 |    301 |   1 |  461.0 |
        Bailey |    593 |    593 |      0 |    115 |    135 |   1 |  593.0 |
               +--------+--------+--------+--------+--------+-----+--------+

Top non-repeatable levels by time:
     D:6: 1423 daAuts
     D:7: 1117 daAuts
     D:5: 1073 daAuts
     D:4: 1009 daAuts
     D:1: 998 daAuts
  Lair:1: 976 daAuts
    D:10: 901 daAuts
     D:3: 827 daAuts
     D:2: 737 daAuts
     D:8: 692 daAuts
     D:9: 636 daAuts
  Bailey: 593 daAuts
    D:11: 498 daAuts
 Ossuary: 461 daAuts
   Sewer: 315 daAuts
